 Seeded DCSS version 0.30.1-1-g62c8e00024 (webtiles) character file.

Game seed: 6351066067085065685 (custom seed)

7 Esekla the Grave Robber (level 1, 10/10 HPs)
             Began as a Deep Elf Necromancer on July 15, 2023.
             Quit the game in the Ecumenical Temple.
             The game lasted 00:02:54 (386 turns).

Esekla the Grave Robber (Deep Elf Necromancer)       Turns: 386, Time: 00:02:55

Health: 10/10      AC:  2    Str:  5    XL:     1   Next: 83%
Magic:  6/6        EV: 12    Int: 19    God:
Gold:   27         SH:  0    Dex: 15    Spells: 5/6 levels left

rFire   . . .        c - +0 short sword
rCold   . . .        (no shield)
rNeg    . . .        a - +0 robe
rPois   .            (no helmet)
rElec   .            (no cloak)
rCorr   .            (no gloves)
SInv    .            (no boots)
Will    .....        (no amulet)
Stlth   ++           (no ring)
HPRegen 0.21/turn    (no ring)
MPRegen 0.10/turn

%: no passive effects
@: no status effects
A: no striking features
a: no special abilities


You were in the Ecumenical Temple.
You visited 2 branches of the dungeon, and saw 6 of its levels.

You collected 27 gold pieces.

Inventory:

Hand Weapons
 c - a +0 short sword (weapon)
Armour
 a - a +0 robe (worn)
Wands
 g - a wand of roots (7)
Scrolls
 e - a scroll of fear {unknown}
Potions
 b - a potion of magic
 d - a potion of ambrosia {unknown}
 f - a potion of haste {unknown}
 h - a potion of attraction {unknown}


   Skills:
 * Level 2.6 Dodging
 + Level 2.5 Stealth
 * Level 3.1 Spellcasting
 + Level 5.0 Necromancy


You had 5 spell levels left.
You knew the following spells:

 Your Spells              Type           Power      Damage    Failure   Level
a - Necrotise             Necr           88%        1d8       1%          1

Your spell library contained the following spells:

 Spells                   Type           Power      Damage    Failure   Level
 Vampiric Draining        Necr           22%        2d7       5%          3
 Animate Dead             Necr           22%        N/A       19%         4
 Agony                    Necr           22%        N/A       45%         5


Dungeon Overview and Level Annotations

Branches:
Dungeon (6/15)             Temple (1/1) D:6

Altars:
Ashenzari
Cheibriados
Elyvilon
Gozag
Kikubaaqudgha
Makhleb
Sif Muna
Wu Jian
Xom
Yredelemnul


Message History

You climb downwards.
Found a hand axe.
There is a stone staircase leading up here.
A jelly comes into view.
There is a stone staircase leading up here.
You see here a +0 hand axe.
Found a ring mail.
Found 19 gold pieces.
Found a staircase to the Ecumenical Temple.
Found a bubbling green potion and a scale mail.
Found a robe.
Found 6 stones.
You now have 27 gold pieces (gained 19).
A white imp comes into view.
You see here a bubbling green potion.
h - a bubbling green potion
There is a staircase to the Ecumenical Temple here.
You climb downwards.
Welcome to the Ecumenical Temple!
Found a snail-covered altar of Cheibriados and a shimmering altar of Xom.
There is a staircase back to the Dungeon here.
Found an opulent altar of Gozag.
Found a burning altar of Makhleb and a white marble altar of Elyvilon.
Found a shimmering blue altar of Sif Muna.
Found a basalt altar of Yredelemnul.
There is a fountain of clear blue water here.
Found an ornate altar of the Wu Jian Council.
There is a fountain of clear blue water here.
Found an ancient bone altar of Kikubaaqudgha and a broken altar of Ashenzari.
There is an ancient bone altar of Kikubaaqudgha here.
There is a fountain of clear blue water here.
There is an opulent altar of Gozag here.
You kneel at the altar of Gozag.
Gozag does not accept service from beggars like you!
The service fee for joining is currently 84 gold; you only have 27.
Unknown command.
Press < or > to pray at altars.
You kneel at the altar of Gozag.
Gozag does not accept service from beggars like you!
The service fee for joining is currently 84 gold; you only have 27.
Are you sure you want to abandon this character and quit the game? (Confirm with "yes".)

#############
#####...........#####
####...................#
###.......................
###........@..........._....
##...........................
##......._...................<
##.............................
#..............................
##....._...........⌠...⌠........
#...............................
#...............................
#....8...........⌠.......⌠......


There were no monsters in sight!

Vanquished Creatures
  3 ball pythons (D:1)
  A frilled lizard (D:1)
  2 kobolds (D:1)
6 creatures vanquished.

Notes
Turn   | Place    | Note
-------+----------+-------------------------------------------
     0 | D:1      | Esekla the Deep Elf Necromancer began the quest for the
                  | Orb.
     0 | D:1      | Reached XP level 1. HP: 10/10 MP: 6/6
   159 | D:1      | Reached skill level 5 in Necromancy
   224 | D:3      | You fall into a shaft and drop 2 floors!
   224 | D:5      | Entered Level 5 of the Dungeon
   247 | D:5      | Noticed a hound
   257 | D:6      | Noticed a jelly
   281 | D:6      | Found a staircase to the Ecumenical Temple.
   294 | Temple   | Entered the Ecumenical Temple
   386 | Temple   | Quit the game

Illustrated notes

Levels and vault maps discovered:
D:1:      sevenhm_arrival_forest_fort_small_3, layout_rooms,
          chequers_serial_rivers_room_b, minmay_misc_feat_five
D:2:      layout_loops_ring, dreamdust_ecumenical_altar_angels_and_demons,
          serial_shops, shop
D:3:      layout_basic, grunt_temple_overflow_open, minmay_misc_feat_iff
D:5:      layout_loops_ring, lemuel_doored_altar, minmay_misc_feat_rows,
          dreamdust_wishing_well
D:6:      layout_loops_cross, fedhas_altar_fruit_tree,
          minmay_temple_entry_glass, uniq_pikel, uniq_blork_the_orc
Temple:   compressed_dpeg_circular_temple

Skill      XL: |  1 |
---------------+----+-----
Necromancy     | 5 |  5.0
Dodging        | |  2.6
Stealth        | |  2.5
Spellcasting   | |  3.1

Action                     || total
---------------------------++-------
  Melee: Short sword       ||    11
         Unarmed           ||     9
   Stab: Sleeping          ||     1
 Armour: Robe              ||     2
  Dodge: Dodged            ||    13
